 Dungeon Crawl Stone Soup version 0.29.0-13-gc9e81de378 (webtiles) character file.

Game seed: 15984103489266883695

223 apoch the Chopper (level 5, -4/45 HPs)
             Began as a Minotaur Fighter on Sept 9, 2022.
             Was a Believer of Lugonu.
             Slain by an ogre
             ... wielding a +0 giant club
              (32 damage)
             ... on level 3 of the Dungeon on Sept 10, 2022.
             The game lasted 00:04:48 (3235 turns).

apoch the Chopper (Minotaur Fighter)                Turns: 3235, Time: 00:04:49

Health: -4/45      AC: 10    Str: 23    XL:     5   Next: 66%
Magic:  5/5        EV:  7    Int:  5    God:    Lugonu [**....]
Gold:   185        SH:  4    Dex:  9    Spells: 4/4 levels left

rFire   . . .      SeeInvis .   a - +0 war axe
rCold   . . .      Faith    .   c - +0 buckler
rNeg    . . .      Spirit   .   w - +0 chain mail
rPois   .          Reflect  .   (helmet restricted)
rElec   .          Harm     .   (no cloak)
rCorr   .          Rampage  .   f - +0 pair of gloves
Will    .....                   (no boots)
Stlth   ..........              (no amulet)
HPRegen 0.15/turn               (no ring)
MPRegen 0.09/turn               (no ring)

@: mighty
A: horns 2, retaliatory headbutt
a: Renounce Religion, Depart the Abyss, Bend Space


You were on level 3 of the Dungeon.
You worshipped Lugonu.
Lugonu was pleased with you.
You visited 1 branch of the dungeon, and saw 4 of its levels.

You collected 185 gold pieces.

Inventory:

Hand Weapons
 a - a +0 war axe (weapon)
 C - a +0 dagger
Missiles
 i - 3 poisoned darts
Armour
 b - a +0 scale mail
 c - a +0 buckler (worn)
 f - a +0 pair of gloves (worn)
 w - a +0 chain mail (worn)
Wands
 A - a wand of polymorph (9)
Scrolls
 e - a scroll of vulnerability {unknown}
 h - 2 scrolls of identify {unknown}
 j - a scroll of torment {unknown}
 o - a scroll of amnesia {unknown}
 p - a scroll of poison {unknown}
 q - a scroll of enchant armour {unknown}
 s - a scroll of acquirement {unknown}
 t - a scroll of blinking {unknown}
 v - a scroll of butterflies {unknown}
 x - 2 scrolls of noise {unknown}
 y - a scroll of fear {unknown}
 z - a scroll of magic mapping {unknown}
 B - a scroll of brand weapon {unknown}
Potions
 d - a potion of might
 g - 3 potions of resistance {unknown}
 k - a potion of invisibility {unknown}
 l - 3 potions of curing {unknown}
 m - a potion of flight {unknown}
 n - a potion of haste {unknown}
 r - a potion of brilliance {unknown}
 u - 2 potions of attraction {unknown}


   Skills:
 - Level 3.6 Fighting
 * Level 6.4 Axes
 - Level 3.6 Armour
 - Level 3.6 Shields
 + Level 2.5 Invocations


You had 4 spell levels left.
You didn't know any spells.
Your spell library contained the following spells:

 Spells                   Type           Power      Damage    Failure   Level
 Ignite Poison            Fire/Tmut/Pois 0%         N/A       100%        3
 Mephitic Cloud           Conj/Pois/Air  0%         N/A       100%        3
 Passage of Golubria      Tloc           0%         N/A       100%        4
 Freezing Cloud           Conj/Ice/Air   0%         6-21      100%        5
 Silence                  Hex/Air        0%         N/A       100%        5
 Lehudib's Crystal Spear  Conj/Erth      0%         10d2      100%        8


Dungeon Overview and Level Annotations

Branches:
Dungeon (4/15)
 Temple: D:4-7

Altars:
Lugonu


Innate Abilities, Weirdness & Mutations

You have a pair of horns on your head.
You reflexively headbutt those who attack you in melee.


Message History

You see here a +0 dagger.
The jackal barely misses you.
You climb upwards.
There is a stone staircase leading down here.
You start resting.
HP restored.
You climb downwards.
The jackal barely misses you.
The jackal bites you but does no damage.
You block the jackal's attack.
There is a stone staircase leading up here.
You see here a +0 dagger.
The jackal bites you but does no damage. x2
You climb upwards.
There is a stone staircase leading down here.
You closely miss the jackal. You barely miss the jackal.
The jackal barely misses you. You furiously retaliate!
You headbutt the jackal.
The jackal bites you but does no damage.
The jackal closely misses you. You furiously retaliate!
You headbutt the jackal!
You kill the jackal!
Lugonu accepts your kill.
The jackal bites you but does no damage.
You closely miss the jackal. You headbutt the jackal.
You kill the jackal!
Lugonu accepts your kill.
You climb downwards.
The orc shouts!
There is a stone staircase leading up here.
You see here a +0 dagger.
You feel very mighty all of a sudden.
C - a +0 dagger The ogre hits you with a +0 giant club!
The ogre hits you with a +0 giant club.
You climb upwards.
There is a stone staircase leading down here.
You barely miss the ogre. You completely miss the ogre.
The ogre hits you with a +0 giant club!!
Ouch! That really hurt!
You die...

###########################
#.........................#
#.#######################.###
#.# #.......#..O@†...# #...#
#.# #.#####.#.######.# ###.#
#.# #.#.....#.# #.# #.# #.#
#.#.#.#<#.# #.# #.# #.#
#.#.#...#.# #.# #.#
#.###.#..)..#.# #.# #.#
#.........#.#.# #.######.#
#...#.#######.# #........#
#.#.#.........# ##########


You could see an ogre.

Vanquished Creatures
  A howler monkey (D:4)
  Ijyb (D:3)
  A hound (D:4)
  Jessica (D:2)
  An iguana (D:4)
  2 adders (D:3)
  2 worms
  2 dart slugs
  An orc (D:3)
  2 bats (D:1)
  4 endoplasms
  3 giant cockroaches
  5 goblins
  3 hobgoblins (D:1)
  3 jackals
  5 kobolds
  4 quokkas
  5 ball pythons
  2 frilled lizards
  3 rats
51 creatures vanquished.

Notes
Turn   | Place    | Note
-------+----------+-------------------------------------------
     0 | D:1      | apoch the Minotaur Fighter began the quest for the Orb.
     0 | D:1      | Reached XP level 1. HP: 19/19 MP: 0/0
    52 | D:1      | Reached skill level 3 in Axes
    90 | D:1      | Reached XP level 2. HP: 26/26 MP: 1/1
   405 | D:1      | Reached skill level 4 in Axes
   406 | D:1      | Found a faded altar of an unknown god.
   424 | D:1      | Prayed at the altar of an unknown god.
   424 | D:1      | Became a worshipper of Lugonu the Unformed
   424 | D:1      | Reached * piety under Lugonu
   424 | D:1      | Reached ** piety under Lugonu
   925 | D:2      | Noticed Jessica
   930 | D:2      | Reached XP level 3. HP: 31/31 MP: 2/2
   932 | D:2      | Killed Jessica
   933 | D:2      | Reached skill level 1 in Invocations
  1948 | D:3      | Reached skill level 5 in Axes
  1948 | D:3      | Reached XP level 4. HP: 39/39 MP: 3/3
  2301 | D:3      | Noticed Ijyb
  2368 | D:3      | Killed Ijyb
  2991 | D:4      | Reached XP level 5. HP: 18/45 MP: 5/5
  3169 | D:4      | Reached skill level 6 in Axes
  3181 | D:4      | Noticed an ogre
  3235 | D:3      | Slain by an ogre

Illustrated notes

Levels and vault maps discovered:
D:1:      ncdulo_halloftheorcs, layout_basic, ebering_ecumenical_altar_webs,
          chequers_serial_rivers_marsh
D:2:      layout_loops_ring, kennysheep_jessica_study
D:3:      layout_basic, uniq_ijyb
D:4:      layout_loops_cross, minmay_temple_entry_glass, uniq_eustachio

Skill      XL: |  1  2  3  4  5 |
---------------+----------------+-----
Axes           | 3 4 5 6 |  6.4
Invocations    | 1 2 |  2.5
Fighting       | |  3.6
Armour         | |  3.6
Shields        | |  3.6

Action                   |  1- 3 |  4- 6 || total
-------------------------+-------+-------++-------
Melee: War axe           |    66 |    62 ||   128
       Headbutt          |    12 |     5 ||    17
       Unarmed           |       |    11 ||    11
Throw: Stone             |    24 |       ||    24
Invok: Bend Space        |       |     1 ||     1
  Use: Potion            |       |     1 ||     1
Armor: Scale mail        |    36 |       ||    36
       Chain mail        |       |    28 ||    28
Dodge: Dodged            |    32 |    26 ||    58
Block: Buckler           |    12 |     7 ||    19
